AoeStats
← zamithdaniel

Oasis

508729171Analyzed
2v2 RM · 9d ago on Sep 23, 2026· 51m 13s· 4 players
Game mode
Random Map
Map size
Medium (4 player)
Population
200
Speed
Normal
Resources
Standard
Victory
Conquest
Starting age
Dark Age
Ending age
Imperial Age
RankedLock teamsTeams togetherTeam positionsShared explorationLock speedFull tech treeHidden civsTurbo modeCheats
Victory
Defeat
🇧🇷 Tupi · Brazil
939
+14
🇨🇴 Turks · Colombia
926
+14
🇩🇪 Magyars · Germany
892
-14
🇩🇪 Ethiopians · Germany
892
-14
Schildkröger
7:31 Loom
9:49 Feudal Age
13:15 Double-Bit Axe
18:01 Wheelbarrow
23:40 Castle Age
23:20 Fletching
23:31 Padded Archer Armor
24:14 Crossbowman
24:59 Thumb Ring
26:05 Gold Mining
28:55 Ballistics
30:24 Bodkin Arrow
31:17 Horse Collar
31:46 Town Watch
37:44 Imperial Age
36:11 Leather Archer Armor
38:26 Fortified Wall
39:31 Chemistry
37:58 Arbalester
38:46 Bracer
39:01 Onager
40:08 Conscription
42:38 Torsion Engines
44:45 Siege Engineers
Nurax
5:51 Loom
10:17 Feudal Age
17:36 Horse Collar
17:44 Double-Bit Axe
18:39 Wheelbarrow
21:47 Castle Age
24:18 Bow Saw
26:46 Hand Cart
26:40 Stone Mining
26:41 Gold Mining
27:35 Scale Barding Armor
27:22 Fletching
28:30 Husbandry
28:55 Bloodlines
30:59 Thumb Ring
33:31 Bodkin Arrow
33:58 Chain Barding Armor
35:08 Town Watch
39:45 Imperial Age
39:51 Corvinian Army
42:18 Plate Barding Armor
41:43 Bracer
42:32 Parthian Tactics
41:28 Heavy Cavalry Archer
43:33 Chemistry
42:54 Ballistics
43:01 Town Patrol
43:18 Corvinian Army
49:52 Recurve Bow
49:15 Elite Magyar Huszar
zamithdaniel
10:48 Feudal Age
18:43 Castle Age
16:38 Horse Collar
20:12 Heavy Plow
25:04 Double-Bit Axe
27:17 Gold Mining
27:19 Stone Mining
28:42 Bow Saw
32:01 Gold Shaft Mining
31:45 Loom
32:40 Wheelbarrow
31:53 Town Watch
34:45 Imperial Age
34:11 Fortified Wall
34:22 Ballistics
34:07 Padded Archer Armor
34:18 Forging
34:13 Scale Barding Armor
36:12 Hand Cart
37:45 Conscription
37:28 Artillery
39:02 Bloodlines
38:54 Husbandry
38:17 Elite Janissary
39:17 Leather Archer Armor
39:37 Iron Casting
39:23 Chain Barding Armor
41:52 Ring Archer Armor
42:23 Blast Furnace
43:51 Two-Man Saw
50:23 Plate Barding Armor
Vemnimim
1:41 Loom
11:14 Feudal Age
16:39 Castle Age
17:51 Squires
19:21 Pikeman
24:51 Arson
27:31 Wheelbarrow
29:25 Double-Bit Axe
35:03 Imperial Age
32:27 Horse Collar
34:10 Town Watch
34:53 Scale Mail Armor
34:45 Fletching
35:13 Gold Mining
35:40 Bow Saw
36:01 Heavy Plow
36:31 Hand Cart
36:52 Conscription
36:59 Bodkin Arrow
36:47 Champi Runner
42:43 Caciques
43:45 Gold Shaft Mining
43:56 Chain Mail Armor
43:52 Forging
44:53 Champi Warrior
47:38 Plate Mail Armor
47:44 Iron Casting
49:23 Elite Champi Warrior
Connection lost

Rejoining the realm…

Still unreachable

The connection could not be restored.

Session expired

The server has moved on; the page needs a fresh start.